 Dungeon Crawl Stone Soup version 0.29-a0-1047-g7c58e11 (webtiles) character file.

Game seed: 551866370139719366

67 MrTaco21 the Cudgeller (level 4, -4/28 HPs)
             Began as a Gargoyle Fighter on Aug 16, 2022.
             Slain by a gnoll
             ... wielding a +2 halberd of venom
              (11 damage)
             ... on level 2 of the Dungeon.
             The game lasted 00:02:01 (1526 turns).

MrTaco21 the Cudgeller (Gargoyle Fighter)           Turns: 1526, Time: 00:02:02

Health: -4/28      AC: 10    Str: 21    XL:     4   Next: 16%
Magic:  4/4        EV:  9    Int:  9    God:
Gold:   46         SH:  5    Dex: 15    Spells: 3/3 levels left

rFire   . . .      SeeInvis .   a - +0 flail {mace}
rCold   . . .      Faith    .   c - +0 buckler
rNeg    + . .      Spirit   .   b - +0 scale mail
rPois   ∞          Reflect  .   (no helmet)
rElec   +          Harm     .   (no cloak)
rCorr   .          Rampage  .   (no gloves)
Will    .....                   (no boots)
Stlth   ..........              n - amulet of regeneration
HPRegen 0.89/turn               j - +6 ring of dexterity
MPRegen 0.09/turn               l - ring of wizardry

@: no status effects
A: sickness immunity, AC +3, negative energy resistance 1, electricity
resistance, torment resistance 1, petrification resistance
a: no special abilities


You were on level 2 of the Dungeon.
You visited 1 branch of the dungeon, and saw 2 of its levels.

You collected 46 gold pieces.


Innate Abilities, Weirdness & Mutations

You are immune to sickness and miasma.
Your stone body is resilient. (AC +3)
You are immune to poison.
You resist negative energy. (rN+)
You are resistant to electric shocks. (rElec)
You are resistant to unholy torment.
You are immune to petrification.


   Skills:
 - Level 3.2 Fighting
 + Level 4.3 Maces & Flails
 - Level 3.2 Armour
 - Level 3.2 Shields


You had 3 spell levels left.
You didn't know any spells.
Your spell library was empty.

Inventory:

Hand Weapons
 a - a +0 flail (weapon) {mace}
Missiles
 k - 14 stones (quivered)
Armour
 b - a +0 scale mail (worn)
 c - a +0 buckler (worn)
 r - a +0 tower shield
   (You found it on level 1 of the Dungeon)
Magical Staves
 i - a staff of poison {!astaff}
   (You found it on level 1 of the Dungeon)
Jewellery
 j - a +6 ring of dexterity (left hand)
   (You found it on level 1 of the Dungeon)
 l - a ring of wizardry (right hand)
   (You found it on level 1 of the Dungeon)
 n - an amulet of regeneration (around neck)
   (You found it on level 1 of the Dungeon)
Scrolls
 f - 2 scrolls of magic mapping {unknown}
 m - a scroll of identify {unknown}
 o - a scroll of enchant weapon {unknown}
 p - a scroll of noise {unknown}
Potions
 d - a potion of might
 e - a potion of degeneration {unknown}
 g - a potion of attraction {unknown}
 h - 2 potions of curing {unknown}
 q - a potion of invisibility {unknown}
 s - a potion of berserk rage {unknown}

Dungeon Overview and Level Annotations

Branches:
Dungeon (2/15) Zot: 10445

Altars:

Shops:
D:2

(
#...<..........
#.#############
#.# #.# #.# #.#
#.# #########.#
#.)(gg@...#
#.#########
#.#... #.#.#
##...## #....g#
#....gg..#
#..†K∩.....#
........g...#


You could see 2 gnolls.


Message History

You barely miss the gnoll. The gnoll barely misses you. 😮 HP[+1]
You closely miss the gnoll.
The gnoll completely misses you. 😮 HP[+1]
You hit the gnoll. The gnoll closely misses you.
The gnoll hits you but does no damage. 😮 HP[+1]
You sock the gnoll!
You kill the gnoll!
Your Maces & Flails skill increases to level 4! 😮 HP[+1]
You hit the goblin. You block the goblin's attack. 😮 HP[+1]
You barely miss the goblin. The goblin barely misses you. 😕 HP[+1]
You sock the goblin!
You kill the goblin!
The gnoll throws a throwing net.
The throwing net closely misses you.
The hobgoblin hits you but does no damage. 😕 HP[+2]
You regained 2 hp, and now have 20/23 hp.
You sock the hobgoblin!
You kill the hobgoblin! 😕 HP[+1]
You hit the kobold but do no damage. The kobold closely misses you.
The kobold completely misses you. 😕 HP[+1]
You closely miss the kobold. You block the gnoll's attack.
You block the kobold's attack. The kobold closely misses you. 😎 HP[+1]
Your hp is fully restored (23).
You closely miss the kobold.
The gnoll hits you from afar with a +0 halberd!
The kobold hits you but does no damage. The gnoll barely misses you.
You block the kobold's attack. 😮 HP[-7]
You take 7 damage, and now have 16/23 hp.
MASSIVE DAMAGE!! (PAUSE)
You barely miss the kobold. The kobold hits you but does no damage.
The gnoll closely misses you. 😮 HP[+1]
You barely miss the kobold. The kobold barely misses you.
The gnoll hits you from afar with a +0 halberd!
* * * LOW HITPOINT WARNING * * *
The kobold hits you but does no damage. 😨 HP[-10]
You take 10 damage, and now have 7/23 hp.
MASSIVE DAMAGE!! (PAUSE)
You barely miss the kobold. The kobold completely misses you.
The gnoll hits you but does no damage.
You block the kobold's attack. 😨 HP[+1] Unknown command.
You barely miss the kobold. You block the gnoll's attack.
The kobold hits you but does no damage. The kobold barely misses you.
The gnoll barely misses you. 😨 HP[+1] Unknown command.
You closely miss the kobold. You block the kobold's attack.
The gnoll barely misses you.
The kobold hits you but does no damage. 😨 HP[+1] Unknown command.
You hit the kobold.
You kill the kobold!
The gnoll hits you from afar with a +0 halberd.
* * * LOW HITPOINT WARNING * * *
You have reached level 4!
You feel clever. 😨 HP[+1] MP[+1]
You now have 28 max hp (+5).
Your mp is fully restored (4). 😨 HP[+1] 😨 HP[+1] 😨 HP[+1]
You thump the gnoll! The gnoll barely misses you. 😮 HP[+1]
You barely miss the gnoll. You block the gnoll's attack.
The gnoll hits you with a +0 club.
* * * LOW HITPOINT WARNING * * *
You block the gnoll's attack. The gnoll hits you with a +0 club.
* * * LOW HITPOINT WARNING * * *
😨 HP[-3]
You take 3 damage, and now have 12/28 hp.
You hit the gnoll.
You kill the gnoll!
The gnoll misses you. 😨 HP[+2]
You regained 2 hp, and now have 14/28 hp.
Unknown command.
The gnoll closely misses you. 😮 HP[+1]
You barely miss the gnoll.
The gnoll hits you from afar with a +2 halberd of venom!
* * * LOW HITPOINT WARNING * * *
The gnoll hits you with a +0 halberd.
* * * LOW HITPOINT WARNING * * *
😱 HP[-10]
You take 10 damage, and now have 5/28 hp.
MASSIVE DAMAGE!! (PAUSE)
You closely miss the gnoll.
The gnoll hits you from afar with a +2 halberd of venom!
You die...

Skill      XL: |  1  2  3 |
---------------+----------+-----
Maces & Flails | 3 4 |  4.3
Fighting       | |  3.2
Armour         | |  3.2
Shields        | |  3.2

Action                   |  1- 3 |  4- 6 || total
-------------------------+-------+-------++-------
Melee: Flail             |    95 |     5 ||   100
Armor: Scale mail        |    64 |       ||    64
Dodge: Dodged            |    67 |     3 ||    70
Block: Buckler           |    33 |     2 ||    35

Levels and vault maps discovered:
D:1:      denvon_arrival_planthouse, layout_basic,
          shapermc_ecumenical_altar_flowoftime, hex_large
D:2:      layout_basic, serial_shops, nicolae_shop_bloodbath_and_beyond,
          minmay_strange_pillars

Notes
Turn   | Place    | Note
-------+----------+-------------------------------------------
     0 | D:1      | MrTaco21 the Gargoyle Fighter began the quest for the Orb.
     0 | D:1      | Reached XP level 1. HP: 14/14 MP: 1/1
     0 | D:1      | magus.rc [v1.9.6]
   117 | D:1      | Found a faded altar of an unknown god.
   263 | D:1      | Reached XP level 2. HP: 19/19 MP: 2/2
   507 | D:1      | Reached skill level 3 in Maces & Flails
   613 | D:1      | Reached XP level 3. HP: 18/23 MP: 3/3
  1478 | D:2      | Found Ticis's Weapon Shoppe.
  1504 | D:2      | Reached skill level 4 in Maces & Flails
  1517 | D:2      | Reached XP level 4. HP: 11/28 MP: 4/4
  1525 | D:2      | HP: 5/28 [gnoll/+0 halberd (4)]
  1526 | D:2      | Slain by a gnoll

Vanquished Creatures
  4 gnolls
  An endoplasm (D:1)
  A giant cockroach (D:2)
  2 goblins
  3 hobgoblins
  2 jackals (D:1)
  A quokka (D:1)
  3 ball pythons
  5 bats (D:1)
  3 kobolds
  6 rats
31 creatures vanquished.

Table legend:
 A = Non-vault XP
 B = Vault XP
 C = Vault XP percentage of total XP
 D = Non-vault monster count
 E = Vault monster count
 F = Vault count percentage of total count
                 A         B        C        D         E       F
            +---------+---------+-------+---------+---------+-------
      Total |      96 |       0 |   0.0 |      31 |       0 |   0.0
            +---------+---------+-------+---------+---------+-------
        D:1 |      43 |       0 |   0.0 |      21 |       0 |   0.0
        D:2 |      53 |       0 |   0.0 |      10 |       0 |   0.0
            +---------+---------+-------+---------+---------+-------

Illustrated notes

Table legend:
 A = Kills in this place as a percentage of kills in entire the game.
 B = Kills by you in this place as a percentage of kills by you in the entire game.
 C = Kills by friends in this place as a percentage of kills by friends in the entire game.
 D = Other kills in this place as a percentage of other kills in the entire game.
 E = Experience gained in this place as a percentage of experience gained in the entire game.
 F = Experience gained in this place divided by the number of levels of this place that you have seen.
                   A       B       C       D       E      F
               +-------+-------+-------+-------+-------+----------------------
         Total | 100.0 | 100.0 |   N/A |   N/A | 100.0 |  48.0
       Dungeon | 100.0 | 100.0 |   N/A |   N/A | 100.0 |  48.0
               +-------+-------+-------+-------+-------+----------------------

Table legend: (Time is in decaauts)
 A = Elapsed time spent in this place.
 B = Non-inter-level travel time spent in this place.
 C = Inter-level travel time spent in this place.
 D = Time resting spent in this place.
 E = Time spent auto-exploring this place.
 F = Levels seen in this place.
 G = Mean time per level.
                   A        B        C        D        E       F      G
               +--------+--------+--------+--------+--------+-----+--------+
         Total |   1552 |   1502 |     50 |      0 |   1256 |   2 |  776.0 |
       Dungeon |   1552 |   1502 |     50 |      0 |   1256 |   2 |  776.0 |
               +--------+--------+--------+--------+--------+-----+--------+

Top non-repeatable levels by time:
     D:1: 1269 daAuts
     D:2: 283 daAuts
